 Dungeon Crawl Stone Soup version 0.24-a0-139-geb6712d (console) character file.

Game seed: 2438167788512280773

112 Duffy the Chopper (level 4, 0/39 HPs)
             Began as a Naga Gladiator on Mar 1, 2019.
             Slain by Grinder (10 damage)
             ... on level 4 of the Dungeon.
             The game lasted 00:02:24 (3008 turns).

Duffy the Chopper (Naga Gladiator)                  Turns: 3008, Time: 00:02:25

Health: 0/39       AC:  3    Str: 16    XL:     4   Next: 93%
Magic:  4/4        EV: 10    Int:  9    God:
Gold:   162        SH:  0    Dex: 13    Spells: 3/3 levels left

rFire    . . .     SeeInvis +   a - +0 war axe
rCold    . . .     Gourm    .   (no shield)
rNeg     + . .     Faith    .   b - +0 leather armour
rPois    +         Spirit   .   c - +0 helmet
rElec    .         Reflect  .   (no cloak)
rCorr    .         Harm     .   (no gloves)
MR       .....                  (no barding)
Stlth    +.........             (no amulet)
HPRegen  0.13/turn              v - ring of positive energy
MPRegen  0.09/turn              (no ring)

@: very slow
A: large, see invisible, deformed body, poison resistance, slowness 2, slow
metabolism 1, spit poison 1, AC +1
a: Spit Poison


You were on level 4 of the Dungeon.
You were not hungry.

You visited 1 branch of the dungeon, and saw 4 of its levels.

You collected 162 gold pieces.

Inventory:

Hand Weapons
 a - a +0 war axe (weapon)
Missiles
 d - a throwing net (quivered)
 g - 4 javelins of penetration
 x - 5 needles of confusion
Armour
 b - a +0 leather armour (worn)
 c - a +0 helmet (worn)
Jewellery
 v - a ring of positive energy (left hand)
Scrolls
 e - 3 scrolls of identify {unknown}
 i - a scroll of random uselessness {unknown}
 j - 2 scrolls of enchant armour {unknown}
 k - 2 scrolls of immolation {unknown}
 l - a scroll of teleportation {unknown}
 m - a scroll of blinking {unknown}
 o - 3 scrolls of remove curse {unknown}
 p - a scroll of magic mapping {unknown}
 r - 2 scrolls of fog {unknown}
 s - a scroll of amnesia {unknown}
 t - a scroll of enchant weapon {unknown}
Potions
 h - 3 potions of curing {unknown}
 n - a potion of ambrosia {unknown}
 q - a potion of might {unknown}
 w - 2 potions of heal wounds {unknown}
 z - a potion of flight {unknown}
Comestibles
 f - 5 rations
 u - 3 chunks of flesh


   Skills:
 - Level 2.0 Fighting
 + Level 5.4 Axes
 - Level 1.7 Throwing
 - Level 2.4 Dodging


You had 3 spell levels left.
You didn't know any spells.
Your spell library was empty.

Dungeon Overview and Level Annotations

Branches:
Dungeon (4/15)
 Temple: D:4-7

Altars:

Annotations:
D:4 2 transporters, Duffy's ghost, amateur NaGl; Grinder


Innate Abilities, Weirdness & Mutations

You cannot wear boots.
Your serpentine skin is tough. (AC +1)
You have supernaturally acute eyesight. (SInv)
Armour fits poorly on your strangely shaped body.
Your system is resistant to poisons. (rPois)
You cover ground very slowly.
You have a slow metabolism.
You can spit poison.


Message History

Throwing (i - inventory. (/) - cycle)
d - 2 throwing nets (quivered)
Press: ? - help, Shift-Dir - straight line, f/p - Grinder
Aim: Grinder You throw a throwing net.
The throwing net hits Grinder.
Grinder is caught in the net!
Grinder blinks!
Grinder blinks!
You see here a throwing net.
d - 2 throwing nets (gained 1) Grinder gestures at you.
You suddenly lose the ability to move!
Grinder hits you. Grinder hits you!
You writhe in agony.
You can move again.
Throwing (i - inventory. (/) - cycle)
d - 2 throwing nets (quivered)
Press: ? - help, Shift-Dir - straight line, f/p - Grinder
Aim: Grinder You throw a throwing net.
The throwing net closely misses Grinder.
Grinder hits you!
You die...

..##########...#
......).<.......
.#
..##########...#
.# ......... #
#.# .######## ..
.##....## .#
....##..## ^.
##.# ......#..#
... #(.#
#####....##.# #@#
...^#.#.....#
##5#
....#.<...###
#.(# ##..#(#.#.##
#.## 8#..#......#
##.#######
....#....#.#
##........#
....#^...#.#
#..######..#
....#....#.###.##
8#.Z#......##..#


You could see Grinder.

Vanquished Creatures
  A worker ant (D:3)
  An adder (D:3)
  3 dart slugs
  A leopard gecko (D:1)
  2 orcs
  6 giant cockroaches
  7 goblins
  7 hobgoblins
  8 jackals
  7 kobolds
  3 quokkas
  A ball python (D:3)
  7 bats
  8 rats
62 creatures vanquished.

Notes
Turn   | Place    | Note
-------+----------+-------------------------------------------
     0 | D:1      | Duffy the Naga Gladiator began the quest for the Orb.
     0 | D:1      | Reached XP level 1. HP: 19/19 MP: 1/1
   205 | D:1      | Reached XP level 2. HP: 26/26 MP: 2/2
   713 | D:1      | Reached skill level 4 in Axes
  1120 | D:2      | Reached XP level 3. HP: 22/32 MP: 3/3
  2264 | D:3      | Reached XP level 4. HP: 35/39 MP: 4/4
  2387 | D:3      | Reached skill level 5 in Axes
  2959 | D:4      | Found a transporter.
  2969 | D:4      | Noticed Duffy's ghost (amateur NaGl)
  2970 | D:4      | Found a transporter.
  2995 | D:4      | Noticed Grinder
  3004 | D:4      | Paralysed by Grinder for 4 turns
  3008 | D:4      | Slain by Grinder

Levels and vault maps discovered:
D:1:      scummos_arrival_forest, layout_basic
D:2:      layout_basic, serial_curves, eino_curves_03, eino_curves_03,
          minmay_diced_spiral
D:3:      layout_basic, minmay_box_of_dots
D:4:      layout_rooms, eat_drink_and_be_merry_uskayaw,
          minmay_temple_entry_purple_smoke, serial_shops, shop,
          gammafunk_ghost_mausoleum, uniq_grinder

Skill      XL: |  1  2  3  4 |
---------------+-------------+-----
Axes           | 4 5 |  5.4
Fighting       | |  2.0
Throwing       | |  1.7
Dodging        | |  2.4

Action                   |  1- 3 |  4- 6 || total
-------------------------+-------+-------++-------
Melee: War axe           |   109 |    49 ||   158
Throw: Throwing net      |       |     3 ||     3
 Abil: Spit Poison       |     1 |     1 ||     2
 Stab: Sleeping          |       |     1 ||     1
  Eat: Chunk             |     3 |     2 ||     5
Armor: Leather armour    |    39 |    15 ||    54
Dodge: Dodged            |   100 |    45 ||   145

Table legend:
 A = Non-vault XP
 B = Vault XP
 C = Vault XP percentage of total XP
 D = Non-vault monster count
 E = Vault monster count
 F = Vault count percentage of total count
                 A         B        C        D         E       F
            +---------+---------+-------+---------+---------+-------
      Total |     152 |       8 |   5.0 |      57 |       5 |   8.1
            +---------+---------+-------+---------+---------+-------
        D:1 |      32 |       0 |   0.0 |      16 |       0 |   0.0
        D:2 |      38 |       4 |   9.5 |      19 |       3 |  13.6
        D:3 |      79 |       4 |   4.8 |      21 |       2 |   8.7
        D:4 |       3 |       0 |   0.0 |       1 |       0 |   0.0
            +---------+---------+-------+---------+---------+-------
